[Event "Titled Tuesday Blitz April 4 Early 2023"]
[White "Hnydiuk, Aleksander"]
[Black "Rios Escobar, Adan"]
[WhiteFideId "1109057"]
[BlackFideId "3403645"]
[WhiteElo "2374"]
[BlackElo "2412"]
[Result "1-0"]
[Round "05"]
[TimeControl "180+2"]
[Date "2023.04.04"]
[WhiteClock "0:00:18"]
[BlackClock "0:00:02"]

1. Nf3 Nf6 2. c4 g6 3. g3 c5 4. Bg2 Bg7 5. d4 cxd4 6. Nxd4 O-O 7. Nc3 Nc6 8. O-O Qa5 9. e3 d6 10. Bd2 Bg4 11. f3 Bd7 12. Nd5 Qd8 13. Bc3 Rc8 14. Rc1 Nxd5 15. cxd5 Nxd4 16. Bxd4 Rxc1 17. Qxc1 Bxd4 18. exd4 Qb6 19. Qd2 Rc8 20. Rd1 Rc4 21. Bf1 Rb4 22. b3 Qa5 23. Re1 Qb6 24. Bc4 e5 25. dxe6 Bxe6 26. a3 Rxb3 27. Bxb3 Qxb3 28. Re3 Qb1+ 29. Kg2 Bd5 30. h4 h5 31. Re1 Qf5 32. Qe3 Kg7 33. Re2 a6 34. Rd2 Be6 35. Qf4 Qb1 36. Qxd6 Qb3 37. Qe5+ Kh7 38. d5 Bf5 39. d6 1-0


[Site "https://www.chess.com"]

[Event "Titled Tuesday Blitz April 4 Early 2023"]
[White "Mendez Fortes, Eduardo Jesus"]
[Black "Manukian, Artak"]
[WhiteFideId "3502376"]
[BlackFideId "13301373"]
[WhiteElo "2307"]
[BlackElo "2130"]
[Result "1-0"]
[Round "05"]
[TimeControl "180+2"]
[Date "2023.04.04"]
[WhiteClock "0:00:14"]
[BlackClock "0:00:01"]

1. e4 c6 2. d4 d5 3. Nc3 dxe4 4. Nxe4 Nf6 5. Nxf6+ exf6 6. c3 Bd6 7. Bd3 Na6 8. Qc2 Nc7 9. Ne2 Nd5 10. O-O h5 11. a3 b5 12. a4 Bd7 13. axb5 cxb5 14. Ng3 Kf8 15. Qe2 a6 16. Nxh5 g6 17. Ng3 Kg7 18. h3 f5 19. c4 Nb4 20. c5 Nxd3 21. Qxd3 Be7 22. Bf4 Bc6 23. Rad1 Bf6 24. Rfe1 Qd5 25. f3 Rhe8 26. Rxe8 Rxe8 27. Nf1 Rd8 28. Bd6 f4 29. Nd2 Qxd4+ 30. Qxd4 Bxd4+ 31. Kf1 Be3 32. Nb3 f6 33. Na5 Be8 34. b4 Kf7 35. Ke2 Rc8 36. g3 g5 37. gxf4 gxf4 38. Nb3 Bd7 39. Rh1 Be6 40. Nd2 Rh8 41. Ne4 Rxh3 42. Rxh3 Bxh3 43. c6 Bc8 44. Bc5 f5 45. Nd6+ Ke6 46. Nxc8 Kd5 47. Ne7+ Ke6 48. c7 1-0


[Site "https://www.chess.com"]

[Event "Titled Tuesday Blitz April 4 Early 2023"]
[White "Lymar, Vladislav"]
[Black "Ruperez Benito, Antonio"]
[WhiteFideId "14162180"]
[BlackFideId "22245049"]
[WhiteElo "2234"]
[BlackElo "2273"]
[Result "1-0"]
[Round "05"]
[TimeControl "180+2"]
[Date "2023.04.04"]
[WhiteClock "0:00:07"]
[BlackClock "0:00:09"]

1. d4 e6 2. c4 d5 3. Nc3 Nf6 4. Nf3 Be7 5. Bf4 O-O 6. e3 dxc4 7. Bxc4 a6 8. a4 c5 9. O-O Nc6 10. Qd2 cxd4 11. exd4 Na5 12. Ba2 Nd5 13. Nxd5 exd5 14. Rac1 Be6 15. Bc7 Nc4 16. Rxc4 Qd7 17. Ne5 Qe8 18. Rcc1 Qxa4 19. Bb1 Rac8 20. Bb6 Qb5 21. Ba5 h6 22. f4 Rxc1 23. Rxc1 Re8 24. Bd3 Qa4 25. Bc3 b5 26. b3 Qxb3 27. Bc2 Qa3 28. Ra1 Qd6 29. f5 Bc8 30. Qd3 Bf6 31. Bb3 b4 32. Bb2 a5 33. Rc1 Ba6 34. Qf3 Bb7 35. h3 Qb6 36. Kh1 Rd8 37. Ba4 Qd6 38. Bc6 Bc8 39. Ng4 Bg5 40. Rc2 Bd7 41. Bxd7 Qxd7 42. f6 g6 43. Bc1 Bxc1 44. Rxc1 h5 45. Qf4 Qe6 46. Qh6 1-0


[Site "https://www.chess.com"]

[Event "Titled Tuesday Blitz April 4 Early 2023"]
[White "Nikologorskiy, Konstantin"]
[Black "Ramirez Vido, Robert Yorisan"]
[WhiteFideId "24111708"]
[BlackFideId "3513823"]
[WhiteElo "2293"]
[BlackElo "2408"]
[Result "1-0"]
[Round "05"]
[TimeControl "180+2"]
[Date "2023.04.04"]
[WhiteClock "0:00:33"]
[BlackClock "0:00:21"]

1. d4 g6 2. c4 Nf6 3. Nc3 d5 4. Nf3 Bg7 5. h4 c6 6. Bg5 h6 7. Bxf6 Bxf6 8. h5 g5 9. e3 Bf5 10. cxd5 cxd5 11. Qb3 g4 12. Nd2 O-O 13. Qxd5 Qc8 14. Be2 Nc6 15. O-O Rd8 16. Qb3 b6 17. Nde4 Bg7 18. Ng3 Be6 19. d5 Na5 20. Qb5 Bd7 21. Qd3 Qc7 22. Rac1 Qe5 23. Qe4 Rac8 24. Ba6 Rc7 25. Qxe5 Bxe5 26. Nge2 Nc4 27. Bxc4 Rxc4 28. b3 Rc7 29. Ne4 Rdc8 30. Rxc7 Rxc7 31. Rc1 Rxc1+ 32. Nxc1 Bf5 33. f3 gxf3 34. gxf3 Bxe4 35. fxe4 Kg7 36. Nd3 Bc3 37. e5 f6 38. e6 f5 39. Kf2 Kf6 40. Kf3 Kg5 41. d6 exd6 42. e7 1-0


[Site "https://www.chess.com"]

[Event "Titled Tuesday Blitz April 4 Early 2023"]
[White "Topalov, Aleksandar"]
[Black "Dixit, Nikhil"]
[WhiteFideId "925659"]
[BlackFideId "5059534"]
[WhiteElo "2151"]
[BlackElo "2207"]
[Result "1-0"]
[Round "05"]
[TimeControl "180+2"]
[Date "2023.04.04"]
[WhiteClock "0:02:16"]
[BlackClock "0:01:33"]

1. b3 Nf6 2. Bb2 g6 3. Bxf6 exf6 4. c4 Bg7 5. Nc3 O-O 6. e3 f5 7. Nge2 d6 8. g3 Nc6 9. d4 a5 10. Bg2 Bd7 11. O-O Rb8 12. a3 h5 13. Rb1 b6 14. b4 axb4 15. axb4 h4 16. Nd5 Ne7 17. Nef4 Nxd5 18. Nxd5 c6 19. Nf4 Qg5 20. b5 cxb5 21. cxb5 hxg3 22. hxg3 Bf6 23. Bc6 Bc8 24. Kg2 Kg7 25. Rh1 Bb7 26. Qf3 Ba8 27. Nd5 Rfc8 28. Bxa8 Rxa8 29. Nxb6 1-0


[Site "https://www.chess.com"]

[Event "Titled Tuesday Blitz April 4 Early 2023"]
[White "Fiorito, Joaquin"]
[Black "Guzman Moneo, Alberto"]
[WhiteFideId "180173"]
[BlackFideId "2209616"]
[WhiteElo "2157"]
[BlackElo "2157"]
[Result "0-1"]
[Round "05"]
[TimeControl "180+2"]
[Date "2023.04.04"]
[WhiteClock "0:00:07"]
[BlackClock "0:00:25"]

1. d4 Nf6 2. c4 c5 3. d5 b5 4. cxb5 a6 5. bxa6 g6 6. Nc3 Bxa6 7. Nf3 d6 8. e4 Bxf1 9. Kxf1 Qc8 10. g3 Qh3+ 11. Kg1 h6 12. Qf1 Qxf1+ 13. Kxf1 Bg7 14. Kg2 O-O 15. Re1 Ng4 16. h3 Ne5 17. Nxe5 Bxe5 18. Bxh6 Rc8 19. Bd2 Na6 20. a3 Rcb8 21. Rab1 Rb3 22. Nd1 Rab8 23. Re3 c4 24. Bc3 Nc5 25. Bxe5 dxe5 26. Rc3 Nxe4 27. Rc2 c3 28. Rbc1 cxb2 29. Rb1 Rxa3 30. Rbxb2 Rxb2 31. Rxb2 Nc3 32. Ne3 Ra2 33. Rxa2 Nxa2 34. Kf3 f5 35. Ke2 Kf7 36. Kd3 Kf6 37. Nc2 Nc1+ 38. Kd2 Nb3+ 39. Ke3 Nc5 40. f3 Nb3 41. Kd3 Nc5+ 42. Kc4 Nb7 43. Ne3 Nd6+ 44. Kc5 g5 45. Kc6 e4 46. fxe4 Nxe4 47. g4 f4 48. Nf5 f3 49. Ne3 f2 50. Nf1 Ke5 51. Kd7 Kxd5 52. Kxe7 Ke5 53. Kf7 Kf4 54. Kg6 Ng3 55. Nd2 f1=Q 56. Nxf1 Nxf1 57. Kh5 Ng3+ 58. Kh6 Ne4 59. Kh5 Nf6+ 60. Kh6 Nxg4+ 61. hxg4 Kxg4 62. Kg6 Kf4 63. Kh5 g4 64. Kh4 Kf3 0-1


[Site "https://www.chess.com"]

[Event "Titled Tuesday Blitz April 4 Early 2023"]
[White "Ordekalog"]
[Black "Shukhman, Anna"]
[BlackFideId "54180058"]
[WhiteElo "2559"]
[BlackElo "2125"]
[Result "0-1"]
[Round "05"]
[TimeControl "180+2"]
[Date "2023.04.04"]
[WhiteClock "0:00:03"]
[BlackClock "0:00:10"]

1. e4 Nf6 2. e5 Nd5 3. Nf3 d6 4. d4 g6 5. c4 Nb6 6. exd6 cxd6 7. Nc3 Bg7 8. h3 O-O 9. Be2 Nc6 10. Be3 Bf5 11. O-O Rc8 12. Rc1 d5 13. b3 dxc4 14. bxc4 Na5 15. c5 Nd5 16. Qd2 b6 17. Ba6 Nxe3 18. fxe3 Rb8 19. Na4 b5 20. Nc3 e5 21. Nxb5 exd4 22. exd4 Nc6 23. Nd6 Be6 24. d5 Nb4 25. dxe6 Nxa6 26. Nxf7 Qxd2 27. Nxd2 Nxc5 28. Kh1 Nxe6 29. Nd6 Rfd8 30. N6e4 Nd4 31. Rc7 Rf8 32. Rxf8+ Rxf8 33. Nc4 Re8 34. Ncd6 Rd8 35. Rxa7 Be5 36. Ra6 Nf5 37. g4 Nxd6 38. Ng5 Nc4 39. Nf3 Bf6 40. Kg2 Kg7 41. Ra7+ Kg8 42. Ra6 Bg7 43. g5 Ne5 44. Ra7 Nxf3 45. Kxf3 Rd3+ 46. Kg4 Rd4+ 47. Kg3 Be5+ 48. Kf3 Rf4+ 49. Ke3 Rh4 50. a4 Rxh3+ 51. Ke4 Bg7 52. Kd5 Rg3 53. Ke6 Rxg5 54. a5 Re5+ 55. Kd6 Re1 56. a6 Ra1 57. Ke7 Bf8+ 58. Ke6 h5 59. Ra8 h4 60. a7 h3 61. Kf6 h2 62. Kxg6 h1=Q 0-1


[Site "https://www.chess.com"]

[Event "Titled Tuesday Blitz April 4 Early 2023"]
[White "Orlov, Georgi"]
[Black "Leebit02"]
[WhiteFideId "2011271"]
[WhiteElo "2553"]
[BlackElo "2370"]
[Result "1-0"]
[Round "05"]
[TimeControl "180+2"]
[Date "2023.04.04"]
[WhiteClock "0:01:51"]
[BlackClock "0:00:29"]

1. e4 c5 2. Nf3 Nc6 3. Bb5 g6 4. Bxc6 bxc6 5. h3 Bg7 6. O-O Nf6 7. Nc3 O-O 8. d3 d6 9. a3 e5 10. b4 cxb4 11. axb4 Re8 12. Be3 d5 13. Bxa7 Nd7 14. exd5 cxd5 15. Nxd5 e4 16. Bd4 exf3 17. Rxa8 Bxd4 18. Qxf3 Kg7 19. c3 Be5 20. d4 Bd6 21. c4 Nf6 22. Rxc8 1-0


[Site "https://www.chess.com"]

[Event "Titled Tuesday Blitz April 4 Early 2023"]
[White "Staudenhocker43"]
[Black "Koridze, Lile"]
[BlackFideId "13612514"]
[WhiteElo "2553"]
[BlackElo "2047"]
[Result "0-1"]
[Round "05"]
[TimeControl "180+2"]
[Date "2023.04.04"]
[WhiteClock "0:00:02"]
[BlackClock "0:00:50"]

1. e4 c5 2. Nf3 d6 3. d4 cxd4 4. Nxd4 Nf6 5. Nc3 a6 6. Bg5 e6 7. f4 Nbd7 8. Qe2 h6 9. Bh4 Qc7 10. g4 Be7 11. Bf2 b5 12. a3 Bb7 13. Bg2 Nc5 14. h4 O-O-O 15. O-O-O Kb8 16. g5 hxg5 17. hxg5 Nfd7 18. Kb1 Nb6 19. Be3 Nc4 20. Bc1 Qa5 21. e5 Nxa3+ 22. bxa3 Qxc3 23. Rxh8 Rxh8 24. Bxb7 Nxb7 25. exd6 Bxd6 26. Qe4 Rc8 27. Bb2 Qc7 28. f5 Nc5 29. Qf3 e5 30. Nb3 Na4 31. Qd3 Be7 32. g6 fxg6 33. fxg6 Nxb2 34. Kxb2 Bf6 35. Qe4 Qc3+ 36. Kb1 Rc4 37. Qd3 Qxd3 38. Rxd3 Rg4 39. Nc5 Rxg6 40. Nxa6+ Ka7 41. Nb4 Rg1+ 42. Ka2 e4 43. Rd7+ Kb6 44. Nd5+ Kc6 45. Nxf6 gxf6 46. Rf7 Rf1 47. Kb3 e3 48. Re7 Rf3 49. Kc3 f5 50. Kd3 f4 51. Re4 Rf2 52. c4 bxc4+ 53. Rxc4+ Kd5 54. Rd4+ Ke5 55. Re4+ Kf5 56. Re8 Ra2 57. Rf8+ Kg4 58. Ke4 e2 59. Rxf4+ Kg5 60. Rf5+ Kh6 0-1


[Site "https://www.chess.com"]

[Event "Titled Tuesday Blitz April 4 Early 2023"]
[White "crosky"]
[Black "Drori, Saar"]
[BlackFideId "2812444"]
[WhiteElo "2363"]
[BlackElo "2322"]
[Result "0-1"]
[Round "05"]
[TimeControl "180+2"]
[Date "2023.04.04"]
[WhiteClock "0:00:04"]
[BlackClock "0:00:24"]

1. c4 c5 2. g3 g6 3. Bg2 Bg7 4. Nc3 Nc6 5. a3 Nh6 6. Rb1 O-O 7. b4 d6 8. Nf3 Bf5 9. e4 Bg4 10. Qc2 f5 11. Ng5 Nd4 12. Qd3 fxe4 13. Bxe4 Nf7 14. Nxf7 Rxf7 15. f4 e5 16. h3 Be6 17. Nd5 exf4 18. Nxf4 Rxf4 19. gxf4 Qh4+ 20. Kd1 Bg4+ 21. hxg4 Qxg4+ 22. Ke1 Re8 23. Kf1 Qxf4+ 24. Kg2 Rxe4 25. Rf1 Qg5+ 26. Qg3 Rg4 0-1


[Site "https://www.chess.com"]

[Event "Titled Tuesday Blitz April 4 Early 2023"]
[White "Matveeva, Olga"]
[Black "Pham, Le Thao Nguyen"]
[WhiteFideId "24107018"]
[BlackFideId "12401226"]
[WhiteElo "2056"]
[BlackElo "2286"]
[Result "0-1"]
[Round "05"]
[TimeControl "180+2"]
[Date "2023.04.04"]
[WhiteClock "0:00:07"]
[BlackClock "0:00:19"]

1. d4 Nf6 2. c4 e6 3. g3 Bb4+ 4. Bd2 Qe7 5. Nf3 O-O 6. Bg2 Bxd2+ 7. Nbxd2 d6 8. O-O e5 9. e4 a5 10. Qc2 Nc6 11. d5 Nb4 12. Qc3 c5 13. a3 Na6 14. b3 Bd7 15. Ne1 Nc7 16. a4 Nfe8 17. Nd3 g6 18. Rae1 Ng7 19. f4 f6 20. fxe5 fxe5 21. Qc1 Rxf1+ 22. Rxf1 Rf8 23. Rxf8+ Qxf8 24. Qf1 Nce8 25. Qxf8+ Kxf8 26. Kf2 Nf6 27. h3 b6 28. Nf1 Ngh5 29. Ne3 Kf7 30. Nf1 Ng7 31. Ne3 h6 32. Nf1 Nge8 33. Ne3 Nh7 34. h4 Nef6 35. Bf3 h5 36. Ne1 Kg7 37. N1g2 Kh6 38. Ke2 g5 39. hxg5+ Nxg5 40. Nf5+ Bxf5 41. exf5 e4 42. Bxe4 Ngxe4 43. Kf3 Kg5 44. Nf4 Nd2+ 45. Ke3 Nxb3 46. Ne6+ Kxf5 47. Ng7+ Ke5 48. Ne6 Ng4+ 49. Kf3 Nd4+ 50. Kg2 Nxe6 0-1


[Site "https://www.chess.com"]

[Event "Titled Tuesday Blitz April 4 Early 2023"]
[White "Budrewicz, Krzysztof"]
[Black "Todorovic, Bojan"]
[WhiteFideId "1127950"]
[BlackFideId "917087"]
[WhiteElo "2230"]
[BlackElo "2266"]
[Result "1-0"]
[Round "05"]
[TimeControl "180+2"]
[Date "2023.04.04"]
[WhiteClock "0:01:01"]
[BlackClock "0:00:35"]

1. d4 Nf6 2. c4 g6 3. Nc3 Bg7 4. e4 d6 5. Be2 O-O 6. Bg5 c5 7. d5 h6 8. Be3 e6 9. Qd2 exd5 10. cxd5 Re8 11. f3 h5 12. h4 a6 13. a4 Nbd7 14. Nh3 Ne5 15. Ng5 Bd7 16. O-O Rb8 17. a5 b5 18. axb6 Qxb6 19. Rxa6 Qc7 20. Rfa1 Rb7 21. R1a2 Reb8 22. Kh1 Rb4 23. Bg1 Nh7 24. f4 Nc4 25. Bxc4 Rxc4 26. e5 Nxg5 27. exd6 Qd8 28. hxg5 Bc8 29. Rc6 Bd7 30. Rxc5 Rcb4 31. Rc7 Bf5 32. Bc5 Rc4 33. Ba7 Ra8 34. Rxc4 1-0


[Site "https://www.chess.com"]

[Event "Titled Tuesday Blitz April 4 Early 2023"]
[White "Garrido, Denis"]
[Black "TimGrutter03"]
[WhiteFideId "601217"]
[WhiteElo "2353"]
[BlackElo "2542"]
[Result "0-1"]
[Round "05"]
[TimeControl "180+2"]
[Date "2023.04.04"]
[WhiteClock "0:00:17"]
[BlackClock "0:00:07"]

1. e4 g6 2. d4 Bg7 3. Nc3 d6 4. Bc4 c6 5. h4 h6 6. h5 g5 7. f4 gxf4 8. Bxf4 Nf6 9. Qe2 d5 10. exd5 cxd5 11. Bb5+ Nc6 12. Nf3 Bg4 13. O-O-O O-O 14. Qe3 Kh8 15. Bxh6 Rg8 16. Bxc6 bxc6 17. Ne5 Qf8 18. Bxg7+ Qxg7 19. h6 Qh7 20. Nxg4 Nxg4 21. Qxe7 Rae8 22. Qd6 Re6 23. Qf4 Rf6 24. Qg3 Re6 25. Rdf1 Ne3 26. Qf3 Qxc2# 0-1


[Site "https://www.chess.com"]

[Event "Titled Tuesday Blitz April 4 Early 2023"]
[White "Filgueira, Hernan"]
[Black "Ovezdurdyyeva, Jemal"]
[WhiteFideId "101770"]
[BlackFideId "14001888"]
[WhiteElo "2363"]
[BlackElo "2043"]
[Result "1-0"]
[Round "05"]
[TimeControl "180+2"]
[Date "2023.04.04"]
[WhiteClock "0:00:18"]
[BlackClock "0:00:03"]

1. c4 d6 2. d4 Nf6 3. Nc3 Nbd7 4. e4 c5 5. Nge2 e5 6. d5 g6 7. g3 Bg7 8. Bg2 O-O 9. O-O Nh5 10. Bd2 f5 11. f3 a6 12. exf5 gxf5 13. Qc2 Rb8 14. a4 Ndf6 15. Bg5 h6 16. Bh4 Qe8 17. a5 Bd7 18. Na4 e4 19. Nb6 exf3 20. Rxf3 Ng4 21. Nxd7 Qxd7 22. h3 Ne5 23. Rff1 Ng6 24. Bf3 Nf6 25. Bxf6 Bxf6 26. Ra3 Qg7 27. Rb3 Be5 28. Kh1 Kh8 29. Rg1 Rg8 30. Bh5 Qf6 31. Rf3 Rbf8 32. Bxg6 Rxg6 33. b3 Rg5 34. Qd3 Qg6 35. g4 Rf6 36. Rgf1 fxg4 37. Qxg6 Rfxg6 38. Rf8+ Kh7 39. h4 Rh5 40. R8f7+ Bg7 41. Kg2 Rxh4 42. Nf4 Rf6 43. Ne6 Rg6 44. Rxb7 g3 45. Rff7 Rh2+ 46. Kg1 1-0


[Site "https://www.chess.com"]

[Event "Titled Tuesday Blitz April 4 Early 2023"]
[White "Tomaszewski, Kacper"]
[Black "Kraus, Tomas"]
[WhiteFideId "1127373"]
[BlackFideId "331708"]
[WhiteElo "2211"]
[BlackElo "2389"]
[Result "1-0"]
[Round "05"]
[TimeControl "180+2"]
[Date "2023.04.04"]
[WhiteClock "0:00:50"]
[BlackClock "0:00:06"]

1. Nc3 c5 2. e4 e6 3. g3 Nc6 4. Bg2 g6 5. Nge2 Bg7 6. d3 d6 7. h4 h5 8. Bg5 Qb6 9. O-O Nge7 10. Rb1 O-O 11. a3 Qc7 12. b4 cxb4 13. axb4 a6 14. b5 Nd4 15. b6 Qd7 16. Nxd4 Bxd4 17. Ne2 Bg7 18. d4 Nc6 19. c4 e5 20. d5 Ne7 21. c5 dxc5 22. Qc2 f6 23. Be3 f5 24. Bxc5 f4 25. Qb3 Kh7 26. Bf3 Bf6 27. Rbc1 Qh3 28. Bxe7 Bxe7 29. Rc7 Re8 30. Bg2 Qg4 31. f3 Qd7 32. Rxd7 Bxd7 33. d6 1-0


[Site "https://www.chess.com"]

[Event "Titled Tuesday Blitz April 4 Early 2023"]
[White "Rodchenkov, Sergey D."]
[Black "Fernandez Sanchez, Mario Andres"]
[WhiteFideId "4168712"]
[BlackFideId "6501621"]
[WhiteElo "2277"]
[BlackElo "2050"]
[Result "0-1"]
[Round "05"]
[TimeControl "180+2"]
[Date "2023.04.04"]
[WhiteClock "0:00:13"]
[BlackClock "0:00:15"]

1. e4 c5 2. Nf3 Nc6 3. d4 cxd4 4. Nxd4 g6 5. c4 Nxd4 6. Qxd4 Nf6 7. e5 Ng8 8. e6 Nf6 9. exf7+ Kxf7 10. Nc3 Bg7 11. g3 d6 12. Bg2 Rf8 13. O-O Kg8 14. Bg5 Qc7 15. Rae1 Bf5 16. Qd1 Qd7 17. Re3 Rae8 18. Rfe1 h6 19. Bxf6 Bxf6 20. b3 Kh7 21. Nd5 e5 22. h4 Bg7 23. Qd2 b6 24. Be4 Bxe4 25. Rxe4 Rf3 26. Qe2 Ref8 27. Nf4 Qg4 28. Ng2 Qh5 29. Rf1 g5 30. g4 Qe8 31. h5 Qe6 32. Re3 Qxg4 33. Rxf3 Qxf3 34. Qxf3 Rxf3 35. Rd1 Bf8 36. Ne3 Kg7 37. Kg2 Rf7 38. a4 Kf6 39. f3 Ke6 40. Nd5 Rb7 41. Kg3 a6 42. Kg4 b5 43. axb5 axb5 44. cxb5 Bg7 45. b6 Bf8 46. b4 Be7 47. b5 Bd8 48. Ne3 Rxb6 49. Nf5 Rxb5 50. Nxh6 Rb4+ 51. Kg3 Rh4 52. Ng4 Rxh5 53. Rb1 Rh7 54. Rb8 Rd7 55. Rc8 d5 56. Nf2 Bc7 57. Re8+ Kf7 58. Rh8 e4+ 59. Kg2 e3 60. Nd3 d4 61. Rh7+ Ke6 62. Rh6+ Kf5 63. Kf1 Bf4 64. Ke2 Ra7 65. Rc6 Ra2+ 66. Ke1 Rd2 67. Nxf4 Kxf4 68. Rf6+ Kg3 69. Rf5 Ra2 70. Rxg5+ Kxf3 71. Rf5+ Ke4 72. Rh5 d3 73. Rh4+ Kf5 74. Kf1 Ra1+ 75. Kg2 d2 76. Rh5+ Kg6 77. Rd5 d1=Q 78. Rxd1 Rxd1 79. Kf3 Rd8 80. Ke2 Kf5 81. Kxe3 Rd7 82. Kf3 Rd3+ 83. Ke2 Ra3 84. Kd2 Ke4 85. Kc2 Rg3 86. Kb2 Rh3 0-1


[Site "https://www.chess.com"]

[Event "Titled Tuesday Blitz April 4 Early 2023"]
[White "Qashashvili, Alexandre"]
[Black "Vakhidov, Shahzod"]
[WhiteFideId "13600842"]
[BlackFideId "14205270"]
[WhiteElo "2405"]
[BlackElo "2212"]
[Result "0-1"]
[Round "05"]
[TimeControl "180+2"]
[Date "2023.04.04"]
[WhiteClock "0:00:09"]
[BlackClock "0:00:27"]

1. e4 c5 2. Nc3 g6 3. Nf3 Bg7 4. Bc4 Nc6 5. d3 e6 6. Bf4 d6 7. Qd2 a6 8. a4 Nd4 9. Nxd4 cxd4 10. Ne2 d5 11. exd5 exd5 12. Bb3 Be6 13. O-O Ne7 14. Bh6 Bxh6 15. Qxh6 Nf5 16. Qf4 Qb6 17. g4 Nh4 18. Qf6 g5 19. Qxh8+ Ke7 20. Qxa8 Nf3+ 21. Kg2 Bxg4 22. Ng3 Qh6 23. Qxb7+ Kf8 24. Qb8+ Kg7 25. h4 Nxh4+ 26. Kh1 Nf3+ 27. Nh5+ Qxh5+ 28. Kg2 Qh3# 0-1


[Site "https://www.chess.com"]

[Event "Titled Tuesday Blitz April 4 Early 2023"]
[White "Forgacs, Attila Jr."]
[Black "babbilator"]
[WhiteFideId "773654"]
[WhiteElo "2168"]
[BlackElo "2267"]
[Result "1-0"]
[Round "05"]
[TimeControl "180+2"]
[Date "2023.04.04"]
[WhiteClock "0:00:56"]
[BlackClock "0:00:59"]

1. a3 e5 2. e4 Nc6 3. Nf3 Nf6 4. Nc3 d5 5. exd5 Nxd5 6. Bb5 Nxc3 7. bxc3 Bd6 8. O-O O-O 9. d4 exd4 10. cxd4 Bg4 11. c3 Qf6 12. Bd3 Bxf3 13. Qxf3 Qxf3 14. gxf3 Ne7 15. Rd1 Ng6 16. Be3 c6 17. a4 Rfe8 18. Rab1 Re7 19. c4 Rae8 20. d5 c5 21. a5 Nh4 22. Be2 Nf5 23. Rd3 Bf4 24. Bxf4 Rxe2 25. d6 Nh4 26. Kf1 1-0


[Site "https://www.chess.com"]

[Event "Titled Tuesday Blitz April 4 Early 2023"]
[White "Tsotsonava, Elene"]
[Black "Ljukin, Sergei"]
[WhiteFideId "13615939"]
[BlackFideId "14102200"]
[WhiteElo "1829"]
[BlackElo "2312"]
[Result "0-1"]
[Round "05"]
[TimeControl "180+2"]
[Date "2023.04.04"]
[WhiteClock "0:00:03"]
[BlackClock "0:00:25"]

1. e4 e6 2. d4 d5 3. Nd2 Nf6 4. e5 Nfd7 5. Bd3 c5 6. c3 Nc6 7. Ne2 cxd4 8. cxd4 f6 9. exf6 Qxf6 10. Nf3 h6 11. Bf4 Bb4+ 12. Kf1 O-O 13. Rc1 e5 14. dxe5 Ndxe5 15. Nxe5 Nxe5 16. Bb1 Be6 17. Qc2 Rac8 18. Qh7+ Kf7 19. Rxc8 Rxc8 20. h4 Ng6 21. Bxh6 Bf5 22. h5 Bxb1 23. hxg6+ Bxg6 24. Bxg7 Qxg7 0-1


[Site "https://www.chess.com"]

[Event "Titled Tuesday Blitz April 4 Early 2023"]
[White "lluiss"]
[Black "Goffredo_Fofi"]
[WhiteElo "2227"]
[BlackElo "2512"]
[Result "0-1"]
[Round "05"]
[TimeControl "180+2"]
[Date "2023.04.04"]
[WhiteClock "0:00:09"]
[BlackClock "0:00:21"]

1. c4 g6 2. d4 Bg7 3. e4 d6 4. Nf3 Bg4 5. Be3 c5 6. Be2 Qb6 7. Nc3 Bxf3 8. gxf3 cxd4 9. Nd5 Qd8 10. Bxd4 Bxd4 11. Qxd4 e5 12. Qd2 Nc6 13. f4 Nf6 14. fxe5 dxe5 15. Qg5 Nxe4 16. Qxd8+ Rxd8 17. O-O O-O 18. f4 Nd4 19. Bf3 Nd2 0-1


[Site "https://www.chess.com"]

[Event "Titled Tuesday Blitz April 4 Early 2023"]
[White "Vargas Rodriguez, Wilver"]
[Black "Shevtchenko, Olesya"]
[WhiteFideId "3509672"]
[BlackFideId "24131890"]
[WhiteElo "2224"]
[BlackElo "2003"]
[Result "0-1"]
[Round "05"]
[TimeControl "180+2"]
[Date "2023.04.04"]
[WhiteClock "0:00:23"]
[BlackClock "0:01:06"]

1. e4 c6 2. Nc3 d5 3. d3 e5 4. g3 Nf6 5. Bg2 Bc5 6. Nge2 O-O 7. O-O h6 8. h3 Be6 9. Kh2 dxe4 10. dxe4 Qxd1 11. Nxd1 Na6 12. Be3 Rfd8 13. a3 Bxe3 14. Nxe3 Nc5 15. Nc3 a5 16. Rad1 Kf8 17. Rxd8+ Rxd8 18. Rd1 Rxd1 19. Nexd1 b5 20. b3 Ke7 21. f3 Kd7 22. a4 b4 23. Nb1 Ne8 24. Bf1 Nd6 25. Nd2 f5 26. Nf2 fxe4 27. Nfxe4 Ncxe4 28. Nxe4 Nxe4 29. fxe4 Kd6 30. Kg2 Kc5 31. Kf3 Kd4 32. g4 g5 33. Bd3 Bxb3 34. cxb3 Kxd3 35. h4 Kc3 36. hxg5 hxg5 37. Ke3 Kxb3 38. Kd3 c5 39. Kd2 c4 40. Kc1 c3 41. Kb1 Kxa4 42. Ka2 b3+ 43. Ka1 Kb4 44. Kb1 a4 45. Ka1 a3 46. Kb1 c2+ 47. Ka1 c1=Q# 0-1


[Site "https://www.chess.com"]

[Event "Titled Tuesday Blitz April 4 Early 2023"]
[White "Semenova, Alina"]
[Black "Roebers, Eline"]
[WhiteFideId "24113875"]
[BlackFideId "1058401"]
[WhiteElo "1833"]
[BlackElo "2512"]
[Result "0-1"]
[Round "05"]
[TimeControl "180+2"]
[Date "2023.04.04"]
[WhiteClock "0:00:04"]
[BlackClock "0:02:06"]

1. e4 c5 2. Nf3 e6 3. d4 cxd4 4. Nxd4 Nc6 5. Nc3 Nf6 6. Nxc6 bxc6 7. e5 Nd5 8. Ne4 Qc7 9. c4 Qxe5 10. cxd5 Qxe4+ 11. Be2 Qxd5 12. O-O Be7 13. Qc2 O-O 14. Bf3 Qa5 15. Bd2 Qb6 16. Be3 Qb5 17. Be2 Qa5 18. Bd2 Qc7 19. Bd3 f5 20. Qc4 Rb8 21. b3 Bd6 22. h3 Rb5 23. a4 Rc5 24. Qd4 Rd5 25. Qc3 Bh2+ 26. Kh1 Be5 27. Qc2 Bxa1 28. Rxa1 Qe5 29. Bb4 Qxa1+ 0-1


[Site "https://www.chess.com"]

[Event "Titled Tuesday Blitz April 4 Early 2023"]
[White "Sadykov, Ramil"]
[Black "Petrova, Irina"]
[WhiteFideId "24113590"]
[BlackFideId "14124122"]
[WhiteElo "2245"]
[BlackElo "2084"]
[Result "0-1"]
[Round "05"]
[TimeControl "180+2"]
[Date "2023.04.04"]
[WhiteClock "0:00:01"]
[BlackClock "0:00:16"]

1. d4 d6 2. e4 Nf6 3. Nc3 e5 4. Nf3 Nbd7 5. Bc4 Be7 6. O-O c6 7. a4 h6 8. a5 Qc7 9. Re1 g5 10. d5 Nf8 11. Nd2 Ng6 12. Nf1 O-O 13. Ne3 Nf4 14. g3 Ng6 15. Bb3 Bh3 16. a6 Rab8 17. axb7 Qxb7 18. dxc6 Qxc6 19. Rxa7 Nxe4 20. Qd5 Qxd5 21. Nexd5 Nxc3 22. Nxc3 Kg7 23. f3 d5 24. Rxe7 Nxe7 25. Rxe5 Ng6 26. Rxd5 Rfe8 27. Kf2 Rbd8 28. Be3 Ne7 29. Bd4+ f6 30. Rxd8 Rxd8 31. Be3 Bf5 32. g4 Bg6 33. Ne4 Bxe4 34. fxe4 Nc6 35. h3 Ne5 36. Ke2 Rc8 37. Bd4 Nc6 38. Bc3 Ne5 39. Ke3 Kf8 40. Bd5 Ke7 41. Kd2 Nc4+ 42. Kd3 Ne5+ 43. Kd4 Nf3+ 44. Ke3 Ne5 45. Kd2 Kd6 46. Bd4 Nf3+ 47. Kd3 Nxd4 48. Kxd4 Rxc2 49. b4 Rh2 50. b5 Rxh3 51. b6 Rh2 52. Kc3 h5 53. gxh5 Rxh5 0-1


[Site "https://www.chess.com"]

[Event "Titled Tuesday Blitz April 4 Early 2023"]
[White "Manukyan, Artyom"]
[Black "Kim, Sergey"]
[WhiteFideId "13305786"]
[BlackFideId "13700570"]
[WhiteElo "2078"]
[BlackElo "2600"]
[Result "1-0"]
[Round "05"]
[TimeControl "180+2"]
[Date "2023.04.04"]
[WhiteClock "0:00:17"]
[BlackClock "0:00:38"]

1. e4 e5 2. Nf3 Nc6 3. d4 exd4 4. Nxd4 Bc5 5. Nb3 Bb6 6. Nc3 Nf6 7. Qe2 d6 8. Be3 Be6 9. O-O-O Qe7 10. f3 O-O-O 11. Kb1 Rhe8 12. Bxb6 axb6 13. Qb5 Kb8 14. Qa4 Bd7 15. Nb5 Qe5 16. Bc4 Re7 17. Bd5 Nxd5 18. exd5 Na5 19. Nxa5 bxa5 20. Qxa5 Bxb5 21. Qxb5 Rde8 22. a4 Qe2 23. Rd3 Qxg2 24. Rhd1 Re1 25. a5 Ka7 26. a6 b6 27. Rc3 Rxd1+ 28. Ka2 Re7 29. Qc6 Ra1+ 30. Kxa1 Qf1+ 31. Ka2 1-0


[Site "https://www.chess.com"]